 Dungeon Crawl Stone Soup version 0.30-a0-696-g2367cd04db (webtiles) character file.

Game seed: 18194249844678831162

408 Crownlay the Reanimator (level 6, -5/41 HPs)
             Began as a Demonspawn Necromancer on Jan 20, 2023.
             Slain by Duvessa
             ... wielding a +0 short sword
              (12 damage)
             ... on level 4 of the Dungeon.
             The game lasted 00:07:00 (4036 turns).

Crownlay the Reanimator (Demonspawn Necromancer)    Turns: 4036, Time: 00:07:01

Health: -5/41      AC:  3    Str:  8    XL:     6   Next: 57%
Magic:  0/10       EV: 12    Int: 22    God:
Gold:   266        SH:  0    Dex: 20    Spells: 2/10 levels left

rFire   . . .      SeeInvis .    q - +3 mace
rCold   . . .      Faith    .    (no shield)
rNeg    . . .      Spirit   .    (no body armour)
rPois   .          Reflect  .    o - +0 helmet
rElec   .          Harm     .    u - +0 cloak
rCorr   .          Rampage  .    t - +0 pair of gloves
Will    .....                    (no boots)
Stlth   ++                       (no amulet)
HPRegen 0.26/turn                p - +6 ring of dexterity
MPRegen 0.12/turn                (no ring)

@: no status effects
A: powered by death 1, big brain 2, weakness stinger 1
a: no special abilities


You were on level 4 of the Dungeon.
You visited 1 branch of the dungeon, and saw 4 of its levels.

You collected 266 gold pieces.

Inventory:

Hand Weapons
 q - a +3 mace (weapon)
Armour
 a - a +0 robe
 o - a +0 helmet (worn)
 t - a +0 pair of gloves (worn)
 u - a +0 cloak (worn)
 C - a +0 leather armour
Jewellery
 p - a +6 ring of dexterity (left hand)
 y - an amulet of faith
Wands
 z - a wand of flame (14)
Scrolls
 c - a scroll of fog {unknown}
 f - 2 scrolls of immolation
 g - a scroll of identify {unknown}
 l - a scroll of fear {unknown}
 m - 2 scrolls of teleportation
 n - a scroll of acquirement {unknown}
 s - a scroll of magic mapping {unknown}
 w - a scroll of brand weapon {unknown}
 x - a scroll of enchant armour {unknown}
 D - a scroll of amnesia {unknown}
 E - a scroll of enchant weapon {unknown}
Potions
 b - 3 potions of magic
 d - a potion of lignification {unknown}
 h - a potion of flight {unknown}
 i - 2 potions of cancellation {unknown}
 j - a potion of attraction {unknown}
 k - a potion of brilliance {unknown}
 r - a potion of curing {unknown}
 v - 2 potions of degeneration {unknown}
 A - a potion of ambrosia {unknown}
 B - a potion of invisibility {unknown}


   Skills:
 - Level 1.7 Dodging
 - Level 1.7 Stealth
 + Level 2.8 Spellcasting
 + Level 8.4 Necromancy


You had 2 spell levels left.
You knew the following spells:

 Your Spells              Type           Power      Damage    Failure   Level
a - Necrotise             Necr           100%       1d9       1%          1
b - Animate Dead          Necr           40%        N/A       4%          4
c - Vampiric Draining     Necr           40%        2d8       1%          3

Your spell library contained the following spells:

 Spells                   Type           Power      Damage    Failure   Level
 Agony                    Necr           40%        N/A       11%         5


Dungeon Overview and Level Annotations

Branches:
Dungeon (4/15)
 Temple: D:4-7

Altars:
Dithmenos
Ru
Sif Muna
Uskayaw
Vehumet

Shops:
D:3 (

Annotations:
D:4 exclusion: Dowan, Duvessa, Eustachio


Innate Abilities, Weirdness & Mutations

You regenerate a little health from kills.
You have an extremely huge brain. (Int +4)
You have a small tail.


Message History

You hit Duvessa. You tail-slap Duvessa.
Duvessa is severely wounded.
Duvessa hits you with a +0 short sword. Duvessa completely misses you.
You barely miss Duvessa.
Duvessa is severely wounded.
Duvessa hits you with a +0 short sword. Duvessa closely misses you.
Casting: Necrotise (safe; 1% risk of failure)
Confirm with . or Enter, or press ? or * to list all spells.
Aiming: Necrotise (safe; 1% risk of failure)
Press: ? - help, Shift-Dir - straight line, f/p - Duvessa
Aim: Duvessa, wielding a +0 short sword and wearing a +0 leather armour of cold resistance (severely wounded, berserk, chance to affect: 70%) Duvessa writhes in agony.
Duvessa hits you with a +0 short sword!
* * * LOW HITPOINT WARNING * * *
Duvessa closely misses you.
Okay, then.
You feel much better. Duvessa closely misses you.
You closely miss Duvessa.
Duvessa is almost dead.
Duvessa misses you. Duvessa hits you with a +0 short sword!
* * * LOW HITPOINT WARNING * * *
Duvessa barely misses you.
Casting: Necrotise (safe; 1% risk of failure)
Confirm with . or Enter, or press ? or * to list all spells.
You don't have enough magic to cast this spell.
You closely miss Duvessa.
Duvessa is almost dead.
Duvessa hits you with a +0 short sword.
* * * LOW HITPOINT WARNING * * *
Duvessa completely misses you.
Casting: Necrotise (safe; 1% risk of failure)
Confirm with . or Enter, or press ? or * to list all spells.
Aiming: Necrotise (safe; 1% risk of failure)
Press: ? - help, Shift-Dir - straight line, f/p - Duvessa
Aim: Duvessa, wielding a +0 short sword and wearing a +0 leather armour of cold resistance (almost dead, berserk, chance to affect: 70%) Duvessa writhes in agony!
Duvessa closely misses you.
Okay, then.
You hit Duvessa but do no damage.
Duvessa is almost dead.
Duvessa hits you with a +0 short sword!
You die...

.....
~~.................
..♣.................
~P..................###
......................##
................... #..#
#....... #......####..
#.....e####...####.....
#.....@............####
#.....####....###### #
#####.........#### ###
#.....#......## #..
#...).#...##..###.#
####....#.....##..#
####..........##
##........###
##..........


You could see Duvessa (berserk).

Vanquished Creatures
  A scorpion (D:4)
  Dowan (D:4)
  A jelly (D:4)
  Natasha (thrice) (D:4)
  An iguana (D:4)
  8 adders
  2 white imps (D:4)
  2 worms (D:2)
  2 dart slugs
  2 orcs
  9 ball pythons
  5 endoplasms
  2 giant cockroaches
  8 goblins
  5 hobgoblins
  7 kobolds
  2 quokkas
  5 bats
  2 frilled lizards (D:3)
  8 rats
76 creatures vanquished.

Vanquished Creatures (collateral kills)
  An adder (D:2)
  2 ball pythons
  A giant cockroach (D:4)
  A rat (D:2)
5 creatures vanquished.

Vanquished Creatures (others)
  A plant (D:4)
1 creature vanquished.

Grand Total: 82 creatures vanquished

Notes
Turn   | Place    | Note
-------+----------+-------------------------------------------
     0 | D:1      | Crownlay the Demonspawn Necromancer began the quest for the
                  | Orb.
     0 | D:1      | Reached XP level 1. HP: 13/13 MP: 3/3
   240 | D:1      | Gained mutation: You have an unusually large brain. (Int
                  | +2) [demonic ancestry]
   240 | D:1      | Reached XP level 2. HP: 14/19 MP: 0/5
   338 | D:1      | Reached skill level 5 in Necromancy
   450 | D:1      | Found a faded altar of an unknown god.
   957 | D:2      | Reached XP level 3. HP: 24/24 MP: 2/6
  1103 | D:2      | You fall into a shaft and drop 2 floors!
  1120 | D:3      | Found Zonnalyts's Weapon Emporium.
  1302 | D:3      | Reached skill level 6 in Necromancy
  1513 | D:2      | Gained mutation: You have a small tail. [demonic ancestry]
  1513 | D:2      | Reached XP level 4. HP: 28/30 MP: 2/7
  2415 | D:3      | Found a sacrificial altar of Ru.
  2468 | D:3      | Found a radiant altar of Vehumet.
  2541 | D:3      | Found a shadowy altar of Dithmenos.
  3065 | D:4      | Noticed Natasha
  3071 | D:4      | Killed Natasha
  3072 | D:4      | Reached skill level 7 in Necromancy
  3072 | D:4      | Gained mutation: You regenerate a little health from kills.
                  | [demonic ancestry]
  3072 | D:4      | Reached XP level 5. HP: 35/35 MP: 1/8
  3150 | D:4      | Noticed Natasha
  3155 | D:4      | Killed Natasha
  3178 | D:4      | Learned a level 4 spell: Animate Dead
  3182 | D:4      | Learned a level 3 spell: Vampiric Draining
  3253 | D:4      | Noticed Natasha
  3265 | D:4      | Killed Natasha
  3443 | D:4      | Reached skill level 8 in Necromancy
  3521 | D:4      | Noticed Duvessa
  3521 | D:4      | Noticed Dowan
  3562 | D:4      | Gained mutation: You have an extremely huge brain. (Int +4)
                  | [demonic ancestry]
  3562 | D:4      | Reached XP level 6. HP: 15/41 MP: 9/9
  3665 | D:4      | Killed Dowan
  3843 | D:4      | Noticed Eustachio
  3931 | D:4      | Found a shimmering blue altar of Sif Muna.
  3963 | D:4      | Found a hide-covered altar of Uskayaw.
  4026 | D:4      | HP: 2/41 [Duvessa/+0 short sword (13)]
  4036 | D:4      | Slain by Duvessa

Illustrated notes

Levels and vault maps discovered:
D:1:      dpeg_arrival_snail, layout_basic, hellmonk_ecumenical_altar_blasted
D:2:      layout_loops_ring, minmay_fountain_box, minmay_snake_closets
D:3:      kennysheep_big_flooded_room, layout_loops_ring, lemuel_tele_altar,
          mainiacjoe_overflow_large_starburst, serial_shops,
          nicolae_shop_bloodbath_and_beyond
D:4:      layout_rooms, kennysheep_mini_moat, nicolae_uskayaw_suspiria,
          serial_bayou_pond_e, uniq_natasha, uniq_duvessa, uniq_eustachio

Skill      XL: |  1  2  3  4  5 |
---------------+----------------+-----
Necromancy     | 5 6 7 8 |  8.4
Dodging        | |  1.7
Stealth        | |  1.7
Spellcasting   | |  2.8

Action                   |  1- 3 |  4- 6 || total
-------------------------+-------+-------++-------
Melee: Dagger            |     7 |       ||     7
       Mace              |     1 |    26 ||    27
       Tailslap          |       |     4 ||     4
       Punch             |       |     1 ||     1
 Cast: Necrotise         |    61 |    88 ||   149
       Vampiric Draining |       |     7 ||     7
  Use: Scroll            |       |     1 ||     1
       Potion            |       |     3 ||     3
Armor: Robe              |     2 |     6 ||     8
       Skin              |       |     4 ||     4
Dodge: Dodged            |    10 |    31 ||    41

Table legend: (Time is in decaauts)
 A = Elapsed time spent in this place.
 B = Non-inter-level travel time spent in this place.
 C = Inter-level travel time spent in this place.
 D = Time resting spent in this place.
 E = Time spent auto-exploring this place.
 F = Levels seen in this place.
 G = Mean time per level.
                   A        B        C        D        E       F      G
               +--------+--------+--------+--------+--------+-----+--------+
         Total |   4050 |   3958 |     92 |     46 |   3322 |   4 | 1012.5 |
       Dungeon |   4050 |   3958 |     92 |     46 |   3322 |   4 | 1012.5 |
               +--------+--------+--------+--------+--------+-----+--------+

Top non-repeatable levels by time:
     D:2: 1270 daAuts
     D:4: 1057 daAuts
     D:1: 890 daAuts
     D:3: 831 daAuts
